 Dungeon Crawl Stone Soup version 0.31.0-11-ge490571c62 (webtiles) character file.

Game seed: 7569750322082886530

65 qw the Shooter (level 3, -2/18 HPs)
             Began as a Spriggan Hunter on Feb 3, 2024.
             Slain by a gnoll
             ... wielding a +0 spear
              (8 damage)
             ... on level 2 of the Dungeon.
             The game lasted 00:00:05 (996 turns).

qw the Shooter (Spriggan Hunter)                     Turns: 996, Time: 00:00:06

Health: -2/18      AC:  2    Str:  7    XL:     3   Next: 92%
Magic:  4/4        EV: 19    Int: 10    God:
Gold:   92         SH:  0    Dex: 20    Spells: 2/2 levels left

rFire   + . .        a - +0 shortbow
rCold   . . .        (shield currently unavailable)
rNeg    . . .        c - +0 robe
rPois   .            (helmet restricted)
rElec   .            (no cloak)
rCorr   .            (gloves unavailable)
SInv    +            (boots unavailable)
Will    .....        (no amulet)
Stlth   ++           g - ring of protection from fire
HPRegen 0.23/turn    (no ring)
MPRegen 0.09/turn

%: no passive effects
@: very quick
A: very small, no large weapons, unfitting armour, see invisible, speed 3
a: no special abilities


You were on level 2 of the Dungeon.
You visited 1 branch of the dungeon, and saw 2 of its levels.

You collected 92 gold pieces.


Innate Abilities, Weirdness & Mutations

You are very small and have problems with some larger weapons.
You are too small for most types of armour.
You have supernaturally acute eyesight. (SInv)
You cover ground extremely quickly. (Speed+++)


   Skills:
 - Level 1.5 Fighting
 - Level 5.0 Ranged Weapons
 + Level 4.0 Dodging
 - Level 1.5 Stealth


You had 2 spell levels left.
You didn't know any spells.
Your spell library was empty.

Inventory:

Hand Weapons
 a - a +0 shortbow (weapon)
Armour
 c - a +0 robe (worn)
Jewellery
 g - a ring of protection from fire (left hand)
Scrolls
 b - a scroll of identify

Dungeon Overview and Level Annotations

Branches:
Dungeon (2/15)

Altars:


Message History

The gnoll is severely wounded.
The gnoll hits you from afar with a +0 spear!
Ouch! That really hurt!
You shoot an arrow. The arrow barely misses the gnoll.
The arrow closely misses the gnoll.
The gnoll closely misses you.
You shoot an arrow. The arrow closely misses the gnoll.
The arrow hits the gnoll!
You kill the gnoll!
The gnoll misses you. The gnoll completely misses you.
Your Ranged Weapons skill increases to level 5!
You shoot an arrow.
The arrow hits the gnoll but does no damage.
The gnoll is severely wounded.
The gnoll hits you from afar with a +0 spear.
990 ||| DRINKING potion of heal wounds.
You feel much better. The gnoll completely misses you.
You shoot an arrow. The arrow closely misses the gnoll.
The gnoll misses you.
You shoot an arrow.
The arrow hits the gnoll but does no damage.
The gnoll is severely wounded.
The gnoll barely misses you.
You shoot an arrow.
The arrow hits the gnoll but does no damage.
The gnoll is severely wounded.
The gnoll hits you from afar with a +0 spear.
You shoot an arrow. The arrow barely misses the gnoll.
The gnoll hits you from afar with a +0 spear!
Ouch! That really hurt!
You shoot an arrow.
The arrow hits the gnoll but does no damage.
The gnoll is severely wounded.
The gnoll hits you from afar with a +0 spear.
You shoot an arrow.
The arrow hits the gnoll but does no damage.
The gnoll is heavily wounded.
The gnoll completely misses you.
The gnoll hits you from afar with a +0 spear!
You die...

#.## ########
#.# # #.%..[%#
##.## ###.
#.####)####...#
... #.#
#......... #..
#.# #.####...#
#..# #.# #.#
##.##
#>..###.####.#
###.#
#...@)g)..##..
..#.##
#...#####)##.#
#.#... ####
.##.# #.####
.##.# #.#...
.##.# #.#... g#
#.#... g#
#<.... .#
#..... .......


You could see a gnoll.

Vanquished Creatures
  3 gnolls (D:2)
  A dart slug (D:1)
  A ball python (D:1)
  3 endoplasms (D:1)
  4 goblins (D:1)
  4 jackals (D:2)
  3 quokkas
  4 frilled lizards
  5 kobolds
  3 rats
31 creatures vanquished.

Notes
Turn   | Place    | Note
-------+----------+-------------------------------------------
     0 | D:1      | qw the Spriggan Hunter began the quest for the Orb.
     0 | D:1      | Reached XP level 1. HP: 10/10 MP: 2/2
     0 | D:1      | 0 ||| qw: Version: 0.3-a-158-g18b3111
     0 | D:1      | 0 ||| qw: Game counter: 4114
     0 | D:1      | 0 ||| qw: Melee chars always use a shield: true
     0 | D:1      | 0 ||| qw: God list: Okawaru
     0 | D:1      | 0 ||| qw: Allow faded altars: false
     0 | D:1      | 0 ||| qw: Do Orc after clearing Dungeon:15 true
     0 | D:1      | 0 ||| qw: Do second Lair branch before Depths: true
     0 | D:1      | 0 ||| qw: Lair rune preference: random
     0 | D:1      | 0 ||| qw: Goals: Normal
     0 | D:1      | 0 ||| PLANNING D:1-11
     3 | D:1      | Noticed a naga
     6 | D:1      | Noticed an elf
     7 | D:1      | Noticed a felid
     9 | D:1      | Noticed a merfolk
    11 | D:1      | Noticed a djinni
    13 | D:1      | Noticed a minotaur
    15 | D:1      | Noticed a spriggan
    15 | D:1      | Noticed a djinni
    19 | D:1      | Noticed a minotaur
    43 | D:1      | Reached skill level 3 in Dodging
   121 | D:1      | Reached XP level 2. HP: 14/14 MP: 3/3
   759 | D:1      | 759 ||| UPGRADING to ring of protection from fire.
   760 | D:1      | 760 ||| READING scroll labelled LAERIUVEUD.
   764 | D:1      | 764 ||| READING scroll labelled LAEXIE WOTARCH.
   765 | D:1      | 765 ||| READING scroll labelled RUATRU ZIDUTECU.
   765 | D:1      | 765 ||| IDENTIFYING 3 coppery potions
   766 | D:1      | 766 ||| READING scroll labelled XOUMOPT RANNY.
   767 | D:1      | 767 ||| DROPPING scroll of butterflies.
   815 | D:2      | 815 ||| STAIRDANCE
   819 | D:2      | 819 ||| STAIRDANCE
   833 | D:2      | 833 ||| STAIRDANCE
   920 | D:2      | Reached XP level 3. HP: 18/18 MP: 4/4
   967 | D:2      | 967 ||| RETREEEEATING.
   969 | D:2      | 969 ||| RETREEEEATING.
   975 | D:2      | HP: 3/18 [gnoll/+0 spear (4)]
   976 | D:2      | 976 ||| DRINKING 3 potions of heal wounds.
   977 | D:2      | 977 ||| RETREEEEATING.
   979 | D:2      | 979 ||| RETREEEEATING.
   980 | D:2      | 980 ||| RETREEEEATING.
   982 | D:2      | HP: 4/18 [gnoll/+0 spear (5)]
   983 | D:2      | 983 ||| DRINKING 2 potions of heal wounds.
   989 | D:2      | Reached skill level 5 in Ranged Weapons
   989 | D:2      | HP: 2/18 [gnoll/+0 spear (5)]
   990 | D:2      | 990 ||| DRINKING potion of heal wounds.
   996 | D:2      | Slain by a gnoll

Levels and vault maps discovered:
D:1:      shiori_arrival_whats_in_store_for_you, layout_basic
D:2:      layout_loops_ring, dreamdust_ecumenical_altar_statues

Skill      XL: |  1  2  3 |
---------------+----------+-----
Dodging        | 3 4 |  4.0
Ranged Weapons | 5 |  5.0
Fighting       | |  1.5
Stealth        | |  1.5

Action                     || total
---------------------------++-------
   Fire: Shortbow          ||   101
    Use: Scroll            ||     4
         Potion            ||     3
 Armour: Robe              ||    22
  Dodge: Dodged            ||    59

Table legend:
 A = Non-vault XP
 B = Vault XP
 C = Vault XP percentage of total XP
 D = Non-vault monster count
 E = Vault monster count
 F = Vault count percentage of total count
                 A         B        C        D         E       F
            +---------+---------+-------+---------+---------+-------
      Total |      93 |       0 |   0.0 |      31 |       0 |   0.0
            +---------+---------+-------+---------+---------+-------
        D:1 |      33 |       0 |   0.0 |      18 |       0 |   0.0
        D:2 |      60 |       0 |   0.0 |      13 |       0 |   0.0
            +---------+---------+-------+---------+---------+-------
